 Dungeon Crawl Stone Soup version 0.30.0-5-g1a98f26d00 (webtiles) character file.

Game seed: 2557037047961093057

83 Jarnaxa the Chopper (level 4, 0/41 HPs)
             Began as a Hill Orc Monk on May 11, 2023.
             Slain by an iguana (8 damage)
             ... on level 4 of the Dungeon.
             The game lasted 00:02:30 (1151 turns).

Jarnaxa the Chopper (Hill Orc Monk)                 Turns: 1151, Time: 00:02:31

Health: 0/41       AC:  8    Str: 15    XL:     4   Next: 44%
Magic:  4/4        EV:  7    Int: 10    God:
Gold:   77         SH:  0    Dex: 13    Spells: 3/3 levels left

rFire   . . .        a - +0 hand axe
rCold   . . .        d - orb {light}
rNeg    . . .        l - +0 chain mail
rPois   .            (no helmet)
rElec   .            (no cloak)
rCorr   .            (no gloves)
SInv    .            (no boots)
Will    .....        (no amulet) Stlth
                     (no ring)
HPRegen 0.26/turn    (no ring)
MPRegen 0.09/turn

%: no passive effects
@: glowing
A: no striking features
a: no special abilities


You were on level 4 of the Dungeon.
You visited 1 branch of the dungeon, and saw 3 of its levels.

You collected 77 gold pieces.

Inventory:

Hand Weapons
 a - a +0 hand axe (weapon)
Armour
 d - an orb of light (worn)
 l - a +0 chain mail (worn)
Scrolls
 f - 2 scrolls of magic mapping {unknown}
 i - a scroll of vulnerability {unknown}
 j - a scroll of teleportation {unknown}
 k - a scroll of torment {unknown}
Potions
 b - a potion of curing {unknown}
 c - a potion of ambrosia
 e - a potion of invisibility {unknown}
 g - a potion of degeneration {unknown}
 h - a potion of mutation {unknown}


   Skills:
 + Level 4.4 Fighting
 + Level 5.7 Axes
 + Level 0.5 Armour
 + Level 2.7 Dodging
 + Level 0.1 Stealth


You had 3 spell levels left.
You didn't know any spells.
Your spell library contained the following spells:

 Spells                   Type           Power      Damage    Failure   Level
 Sting                    Tmut/Pois      0%         1d3       99%         1
 Poisonous Vapours        Pois/Air       0%         N/A       100%        2
 Dazzling Flash           Conj/Hex       0%         N/A       100%        3
 Olgreb's Toxic Radiance  Pois           0%         N/A       100%        4
 Agony                    Necr           0%         N/A       100%        5
 Silence                  Hex/Air        0%         N/A       100%        5


Dungeon Overview and Level Annotations

Branches:
Dungeon (2/15)

Altars:


Message History

The ball python is severely wounded.
The ball python barely misses you. x2
You slash the ball python!
You kill the ball python!
You see here a ball python corpse.
You see here a +0 club.
An iguana comes into view.
Found a manual of Short Blades.
The iguana hisses angrily.
The iguana bites you!
Things that are here:
a +0 dagger; a +0 robe An iguana is nearby!
You hit the iguana.
The iguana is moderately wounded.
The iguana bites you!
You hit the iguana.
The iguana is heavily wounded.
The iguana barely misses you.
You hit the iguana but do no damage.
The iguana is heavily wounded.
The iguana bites you but does no damage.
You hit the iguana but do no damage.
The iguana is heavily wounded.
The iguana hisses menacingly.
The iguana bites you!
You hit the iguana but do no damage.
The iguana is heavily wounded.
The iguana bites you!
* * * LOW HITPOINT WARNING * * *
You hit the iguana but do no damage.
The iguana is heavily wounded.
The iguana bites you but does no damage.
You hit the iguana.
The iguana is almost dead.
The iguana barely misses you.
You hit the iguana but do no damage.
The iguana is almost dead.
The iguana bites you!
You die...

## ## ##. ... ..
.. ##. ##.#
#..#l:.# ###.#@##
...##)###
.####..#..###
........##..##.#.
######..†........#
#.#.#########
#..(# ###.#.#
##.#.#.#


You could see an iguana.

Vanquished Creatures
  An orc wizard (D:4)
  An adder (D:2)
  2 ball pythons
  4 endoplasms
  2 giant cockroaches
  6 goblins
  10 hobgoblins
  4 jackals (D:1)
  A quokka (D:1)
  3 bats
  4 frilled lizards
  2 kobolds
  2 rats
42 creatures vanquished.

Notes
Turn   | Place    | Note
-------+----------+-------------------------------------------
     0 | D:1      | Jarnaxa the Hill Orc Monk began the quest for the Orb.
     0 | D:1      | Reached XP level 1. HP: 19/19 MP: 1/1
    79 | D:1      | Reached XP level 2. HP: 26/27 MP: 2/2
   467 | D:1      | Reached XP level 3. HP: 33/33 MP: 3/3
   832 | D:2      | Reached skill level 5 in Axes
  1062 | D:2      | You fall into a shaft and drop 2 floors!
  1092 | D:4      | Reached XP level 4. HP: 34/41 MP: 4/4
  1151 | D:4      | Slain by an iguana

Illustrated notes

Levels and vault maps discovered:
D:1:      dpeg_arrival_water_temple_mockup, layout_loops_ring,
          hangedman_feature_mirror, hangedman_decor_push
D:2:      layout_loops_ring
D:4:      layout_loops_ring, dk_yredelemnul_ordeal, minmay_manual_mess

Skill      XL: |  1  2  3 |
---------------+----------+-----
Fighting       | 4 |  4.4
Axes           | 5 |  5.7
Armour         | |  0.5
Dodging        | |  2.7
Stealth        | |  0.1

Action                     |  1- 3 |  4- 6 || total
---------------------------+-------+-------++-------
  Melee: Hand axe          |    81 |    12 ||    93
   Stab: Distracted        |     1 |       ||     1
 Armour: Ring mail         |    38 |       ||    38
         Chain mail        |     4 |     3 ||     7
  Dodge: Dodged            |    54 |     4 ||    58
